 Dungeon Crawl Stone Soup version 0.28.0-53-g5a82cb258f (webtiles) character file.

Game seed: 8338705660300561039

51 suse60 the Skirmisher (level 3, -6/34 HPs)
             Began as a Minotaur Fighter on July 14, 2022.
             Succumbed to Ijyb's poison
             ... on level 4 of the Dungeon.
             The game lasted 00:06:49 (1335 turns).

suse60 the Skirmisher (Minotaur Fighter)            Turns: 1335, Time: 00:06:50

Health: -6/34      AC:  6    Str: 20    XL:     3   Next: 58%
Magic:  2/2        EV:  9    Int:  5    God:
Gold:   47         SH:  4    Dex: 11    Spells: 2/2 levels left

rFire   . . .      SeeInvis .   a - +0 war axe
rCold   . . .      Faith    .   c - +0 buckler
rNeg    . . .      Spirit   .   b - +0 scale mail
rPois   .          Reflect  .   (helmet restricted)
rElec   .          Harm     .   (no cloak)
rCorr   .          Rampage  .   (no gloves)
Will    .....                   (no boots)
Stlth   ..........              (no amulet)
HPRegen 0.11/turn               (no ring)
MPRegen 0.08/turn               (no ring)

@: mighty, lethally poisoned (-6 -> -41)
A: horns 2, retaliatory headbutt
a: no special abilities


You were on level 4 of the Dungeon.
You visited 1 branch of the dungeon, and saw 3 of its levels.

You collected 47 gold pieces.

Inventory:

Hand Weapons
 a - a +0 war axe (weapon)
Armour
 b - a +0 scale mail (worn)
 c - a +0 buckler (worn)
Jewellery
 j - a +6 ring of intelligence
Scrolls
 f - a scroll of identify
Potions
 e - a potion of attraction
 l - a potion of invisibility


   Skills:
 + Level 4.7 Fighting
 + Level 3.8 Axes
 - Level 3.6 Armour
 - Level 3.6 Shields


You had 2 spell levels left.
You didn't know any spells.
Your spell library was empty.

Dungeon Overview and Level Annotations

Branches:
Dungeon (2/15)

Altars:

Annotations:
D:4 Ijyb


Innate Abilities, Weirdness & Mutations

You have a pair of horns on your head.
You reflexively headbutt those who attack you in melee.


Message History

Ijyb is moderately wounded.
Ijyb completely misses you.
Ijyb hits you with a +1 dagger of venom.
You are poisoned.
You barely miss Ijyb.
Ijyb is moderately wounded.
You feel very sick. Ijyb screams, "Me stronger than you!"
Ijyb hits you with a +1 dagger of venom.
You are more poisoned.
You feel very mighty all of a sudden.
You feel very sick. You block Ijyb's attack.
You barely miss Ijyb. Your headbutt misses Ijyb.
Ijyb is moderately wounded.
You feel very sick.
Ijyb hits you with a +1 dagger of venom.
You are lethally poisoned!
You hit Ijyb.
Ijyb is heavily wounded.
* * * LOW HITPOINT WARNING * * *
You feel very sick. Ijyb hits you but does no damage.
You are more poisoned.
You block Ijyb's attack.
You barely miss Ijyb. Your headbutt misses Ijyb.
Ijyb is heavily wounded.
* * * LOW HITPOINT WARNING * * *
You feel extremely sick. Ijyb hits you but does no damage.
You are more poisoned.
It was a potion of heal wounds.
You feel much better.
* * * LOW HITPOINT WARNING * * *
You feel extremely sick.
Ijyb hits you with a +1 dagger of venom.
* * * LOW HITPOINT WARNING * * *
You are more poisoned.
You closely miss Ijyb.
Ijyb is heavily wounded.
You die...

#...#...#...#..
#.#...⌠...⌠...⌠
#.###...#...#..
#.####.## .##
#...#...# .#
##.###.⌠.# ..
##...##...# ..
#.....##### #
####.######@..##
...<.......g.##
.######.####.#
#.# #.# #.# #+#
#.# #.# #.# #..


You could see Ijyb.

Vanquished Creatures
  2 adders (D:2)
  2 worms (D:2)
  A dart slug (D:1)
  2 bats (D:1)
  2 endoplasms (D:1)
  A giant cockroach (D:2)
  A goblin (D:1)
  2 hobgoblins (D:1)
  4 jackals (D:1)
  A kobold (D:1)
  3 ball pythons
  2 rats (D:1)
23 creatures vanquished.

Notes
Turn   | Place    | Note
-------+----------+-------------------------------------------
     0 | D:1      | suse60 the Minotaur Fighter began the quest for the Orb.
     0 | D:1      | Reached XP level 1. HP: 19/19 MP: 0/0
   455 | D:1      | Reached skill level 4 in Fighting
   455 | D:1      | Reached XP level 2. HP: 24/27 MP: 1/1
   895 | D:1      | Found a faded altar of an unknown god.
  1063 | D:2      | Reached XP level 3. HP: 32/34 MP: 2/2
  1247 | D:2      | You fall into a shaft and drop 2 floors!
  1311 | D:4      | Noticed Ijyb
  1333 | D:4      | HP: 1/34 [poisoned by Ijyb]
  1335 | D:4      | Succumbed to Ijyb's poison

Illustrated notes

Levels and vault maps discovered:
D:1:      matt_arrival_spirals, layout_rooms,
          shapermc_ecumenical_altar_starsandcircs, hex_tiny, minmay_hedge_maze,
          dk_noncrumbling_4
D:2:      layout_loops_ring
D:4:      layout_loops_corners, minmay_temple_entry_nine_rooms,
          gup_sewer_entry_bubbles, serial_shops, shop_fountains,
          nicolae_shop_behind_doors, goddamned_bats, uniq_grinder, uniq_ijyb

Skill      XL: |  1  2 |
---------------+-------+-----
Fighting       | 4 |  4.7
Axes           | 3 |  3.8
Armour         | |  3.6
Shields        | |  3.6

Action                   || total
-------------------------++-------
Melee: War axe           ||    79
       Headbutt          ||    10
  Use: Scroll            ||     7
       Potion            ||     3
Armor: Scale mail        ||    27
Dodge: Dodged            ||    33
Block: Buckler           ||    17
